 Dungeon Crawl Stone Soup version 0.18.1-48-g4cf74bf (webtiles) character file.

72 Heedrag the Conjurer (level 4, 0/24 HPs)
             Began as a Deep Elf Conjurer on Aug 18, 2016.
             Slain by an orc wizard
             ... wielding a +0 dagger
              (2 damage)
             ... on level 3 of the Dungeon.
             The game lasted 00:03:07 (1506 turns).

Heedrag the Conjurer (Deep Elf Conjurer)            Turns: 1506, Time: 00:03:07

Health: 0/24       AC:  2    Str:  6    XL:     4   Next: 6%
Magic:  5/12       EV: 13    Int: 20    God:
Gold:   69         SH:  0    Dex: 15    Spells: 1 memorised, 10 levels left

rFire  . . .     SeeInvis .     m - +1 dagger (speed)
rCold  . . .     Gourm    .     a - +0 robe
rNeg   . . .     Faith    .     (no shield)
rPois  .         Spirit   .     (no helmet)
rElec  .         Dismiss  .     (no cloak)
rCorr  .         Reflect  .     (no gloves)
SustAt .         Harm     .     (no boots)
MR     .....                    (no amulet)
Stlth  ++........               (no ring)
                                (no ring)

@: not resistant to hostile enchantments, unstealthy
A: no striking features
a: no special abilities


You were on level 3 of the Dungeon.
You were hungry.

You visited 1 branch of the dungeon, and saw 3 of its levels.

You collected 69 gold pieces.

Inventory:

Hand Weapons
 m - a +1 dagger of speed (weapon)
Missiles
 g - 8 curare-tipped needles
Armour
 a - a +0 robe (worn)
 o - a +2 buckler
Scrolls
 d - 3 scrolls of identify {unknown}
 i - 2 scrolls of random uselessness {unknown}
 j - a scroll of teleportation {unknown}
 l - a scroll of magic mapping {unknown}
 n - 2 scrolls of remove curse {unknown}
Potions
 e - 2 potions of heal wounds {unknown}
 h - a potion of might {unknown}
Books
 b - a book of Conjurations

   Spells                             Type                      Level
   a - Magic Dart                     Conjuration                  1
   b - Searing Ray                    Conjuration                  2
   c - Dazzling Spray                 Conjuration/Hexes            3
   d - Fulminant Prism                Conjuration/Hexes            4
   e - Iskenderun's Mystic Blast      Conjuration                  4
   f - Iskenderun's Battlesphere      Conjuration/Charms           5
Comestibles
 c - 3 bread rations
 f - a beef jerky
 k - a meat ration


   Skills:
 - Level 2.4 Dodging
 - Level 2.4 Stealth
 + Level 4.0 Spellcasting
 * Level 5.7 Conjurations


You had 10 spell levels left.
You knew the following spells:

 Your Spells              Type           Power        Failure   Level  Hunger
a - Magic Dart            Conj           ####         1%          1    None


Dungeon Overview and Level Annotations

Branches:
Dungeon (3/15)

Altars:


Message History

Tha orc wizard be heavily wounded.
Castin': Magic Dart Confirm wit' . or Enter, or press ? or * ta list all spells.
Aimin': Magic Dart
Press: ? - help, Shift-Dir - straight line, f/p - orc wizard
Aim: an orc wizard, wieldin' a dagger an' wearin' a robe (heavily wounded, fast) Tha magic dart hits tha orc wizard.
Tha orc wizard be heavily wounded.
Tha orc wizard casts a spell at ye.
Tha magic dart hits ye!
* * * LOW HITPOINT WARNIN'
* * * Castin': Magic Dart Confirm wit' . or Enter, or press ? or * ta list all spells.
Aimin': Magic Dart
Press: ? - help, Shift-Dir - straight line, f/p - orc wizard
Aim: an orc wizard, wieldin' a dagger an' wearin' a robe (heavily wounded, fast) Tha magic dart hits tha orc wizard.
Tha orc wizard be severely wounded.
Tha orc wizard closely misses ye.
Tha orc wizard hits ye wit' a dagger.
Ye die...

# ....
###....#....###
............(.
..#.. .....# ##
.... .....## #...
..# .......
.....##.# .....#
.......@##.....#
........o...$..#
#.......#...##.#
###.............
...........)....
...######........
..# ..##.†)## ..
#.. .#.)o #)#
#####


You could see an orc wizard.

Vanquished Creatures
  2 adders (D:2)
  An ooze (D:2)
  2 adder zombies (D:1)
  2 dart slugs
  3 orcs (D:3)
  5 bats
  4 goblins
  4 hobgoblins
  2 quokkas
  A ball python (D:2)
  2 giant newts
  6 kobolds
  3 rats (D:1)
37 creatures vanquished.

Notes
Turn   | Place    | Note
--------------------------------------------------------------
     0 | D:1      | Heedrag the Deep Elf Conjurer began the quest for the Orb.
     0 | D:1      | Reached XP level 1. HP: 10/10 MP: 6/6
   162 | D:1      | Reached XP level 2. HP: 15/15 MP: 6/8
   252 | D:1      | Reached skill level 5 in Conjurations
   923 | D:2      | Reached XP level 3. HP: 19/19 MP: 6/9
  1400 | D:3      | Reached XP level 4. HP: 24/24 MP: 1/11
  1506 | D:3      | Slain by an orc wizard

Skill      XL: |  1  2  3  4 |
---------------+-------------+-----
Conjurations   | 5 |  5.7
Spellcasting   | 4 |  4.0
Dodging        | |  2.4
Stealth        | |  2.4

Action                   |  1- 3 |  4- 6 || total
-------------------------+-------+-------++-------
 Cast: Magic Dart        |    71 |    10 ||    81
  Eat: Chunk             |     1 |       ||     1
Dodge: Dodged            |     3 |     1 ||     4
